 Dungeon Crawl Stone Soup version 0.30-a0-632-g346586fe48 (webtiles) character file.

Game seed: 5044146499044591895

3006 bmack86 the Cleaver (level 9, -6/79 HPs)
             Began as a Minotaur Fighter on Jan 13, 2023.
             Was a Follower of Okawaru.
             Killed from afar by an acid dragon (13 damage)
             ... with a splash of acid
             ... on level 7 of the Dungeon.
             The game lasted 00:20:11 (6893 turns).

bmack86 the Cleaver (Minotaur Fighter)              Turns: 6893, Time: 00:20:12

Health: -6/79      AC: 13    Str: 24    XL:     9   Next: 54%
Magic:  9/9        EV: 11    Int:  5    God:    Okawaru [*.....]
Gold:   163        SH:  5    Dex: 11    Spells: 8/8 levels left

rFire   . . .      SeeInvis .    a - +1 war axe
rCold   . . .      Faith    +    c - +0 buckler
rNeg    . . .      Spirit   .    l - +0 plate armour
rPois   .          Reflect  .    (helmet restricted)
rElec   .          Harm     .    (no cloak)
rCorr   .          Rampage  .    m - +1 pair of gloves
Will    +....                    w - +0 pair of boots Stlth
                                 q - amulet of faith
HPRegen 0.33/turn                r - +5 ring of evasion
MPRegen 0.11/turn                j - ring of willpower

@: corroded
A: horns 2, retaliatory headbutt
a: Renounce Religion, Heroism


You were on level 7 of the Dungeon.
You worshipped Okawaru.
Okawaru was aware of your devotion.
You visited 2 branches of the dungeon, and saw 8 of its levels.
You also visited: Sewer.

You collected 247 gold pieces.
You spent 84 gold pieces at shops.

Inventory:

Hand Weapons
 a - a +1 war axe (weapon)
Missiles
 k - 5 boomerangs (quivered)
 o - 28 poisoned darts
 u - 2 throwing nets
 x - 5 silver javelins
Armour
 c - a +0 buckler (worn)
 l - a +0 plate armour (worn)
 m - a +1 pair of gloves (worn)
 w - a +0 pair of boots (worn)
Jewellery
 f - a ring of poison resistance
 h - a ring of magical power
 j - a ring of willpower (right hand)
 n - a +6 ring of dexterity
 q - an amulet of faith (around neck)
 r - a +5 ring of evasion (left hand)
Wands
 p - a wand of polymorph (12)
 y - a wand of iceblast (2)
 z - a wand of digging (6)
Scrolls
 b - 4 scrolls of teleportation
 D - 3 scrolls of blinking {unknown}
 G - a scroll of immolation {unknown}
Potions
 d - 2 potions of might
 e - 7 potions of curing
 g - 2 potions of heal wounds
 i - 2 potions of magic
 s - 2 potions of brilliance
 t - a potion of degeneration {unknown}
 v - 3 potions of cancellation
 A - a potion of flight {unknown}
 B - a potion of experience {unknown}
 C - 2 potions of haste
 E - a potion of ambrosia {unknown}
 F - a potion of resistance {unknown}


   Skills:
 + Level 7.4 Fighting
 * Level 9.7 Axes
 + Level 4.8 Throwing
 + Level 7.4 Armour
 + Level 7.4 Shields
 + Level 1.4 Invocations


You had 8 spell levels left.
You didn't know any spells.
Your spell library contained the following spells:

 Spells                   Type           Power      Damage    Failure   Level
 Apportation              Tloc           0%         N/A       100%        1
 Necrotise                Necr           0%         1d4       100%        1
 Scorch                   Fire           0%         2d5       100%        2
 Flame Wave               Conj/Fire      0%         2d4       100%        4
 Fireball                 Conj/Fire      0%         3d3       100%        5
 Iskenderun's Battlesphe  Conj           0%         2d6       100%        5
 Conjure Ball Lightning   Conj/Air       0%         3x3d6     100%        6
 Orb of Destruction       Conj           0%         9d5       100%        7
 Summon Small Mammal      Summ           Unusable   N/A       N/A         1
 Summon Cactus Giant      Summ           Unusable   N/A       N/A         6

Dungeon Overview and Level Annotations

Branches:
Dungeon (7/15)             Temple (1/1) D:5           Sewer (visited)

Altars:
Cheibriados
Dithmenos
Elyvilon
Fedhas
Gozag
Hepliaklqana
Kikubaaqudgha
Nemelex Xobeh
Okawaru
Qazlal
Sif Muna
Trog
Uskayaw
Vehumet
Wu Jian
Yredelemnul
Zin
The Shining One

Shops:
D:4 *


Innate Abilities, Weirdness & Mutations

You have a pair of horns on your head.
You reflexively headbutt those who attack you in melee.


Message History

The acid dragon is heavily wounded.
The acid dragon barely misses you. You block the acid dragon's attack.
You hit the acid dragon.
The acid dragon is heavily wounded.
The acid dragon spits acid at you. The splash of acid hits you!
You completely miss the acid dragon. Your headbutt misses the acid dragon.
The acid dragon is heavily wounded.
You block the acid dragon's attack. The acid dragon barely misses you.
You barely miss the acid dragon. Your headbutt misses the acid dragon.
The acid dragon is heavily wounded.
The acid dragon bites you. You block the acid dragon's attack.
You hit the acid dragon but do no damage.
The acid dragon is heavily wounded.
The acid dragon spits acid at you. The splash of acid hits you!
You barely miss the acid dragon.
The acid dragon is heavily wounded.
You block the acid dragon's attack. The acid dragon barely misses you.
You hit the acid dragon.
The acid dragon is severely wounded.
The acid dragon spits acid at you. The splash of acid hits you!!
* * * LOW HITPOINT WARNING * * *
The acid corrodes you!
You closely miss the acid dragon.
The acid dragon is severely wounded.
The acid dragon bites you.
* * * LOW HITPOINT WARNING * * *
The acid dragon claws you.
* * * LOW HITPOINT WARNING * * *
You barely miss the acid dragon.
The acid dragon is severely wounded.
The acid dragon bites you but does no damage.
The acid dragon barely misses you.
You barely miss the acid dragon.
The acid dragon is severely wounded.
The acid dragon spits acid at you. The splash of acid hits you!
You die...

###.####....########.#
..>........# #####.###
#..##.....# #.....†..
#..##.....# #.###.###
#.........# #.# #.###
#..####..## #.# #...#
#..####..# #.#####.#
#........## #........
#####@....# #######.#
#.D.....# ##.##.#
#.........####...#.#
+.........+.^..<....
#.........##.....#.#
##.......###....##.#
##<....##..........
##...###........#.
#..........


You could see an acid dragon (catching breath).

Vanquished Creatures
  Pikel (D:5)
  Edmund (D:5)
  Menkaure (D:6)
  A water moccasin (D:6)
  2 sky beasts
  An ice beast (D:5)
  2 ogres
  A black bear (D:4)
  A centaur (D:6)
  2 phantoms
  2 necrophages (D:6)
  2 scorpions (D:4)
  4 killer bees (D:7)
  2 howler monkeys
  2 jellies
  2 hounds
  2 orc priests (D:5)
  Natasha (D:2)
  5 iguanas
  7 orc wizards
  A scorpion zombie (D:3)
  Robin (D:2)
  7 gnolls
  10 adders
  3 river rats (Sewer)
  A shadow imp (D:5)
  2 white imps
  2 ufetubi
  An adder zombie (D:3)
  4 worms
  32 orcs
  3 endoplasms
  4 giant cockroaches
  13 hobgoblins
  14 jackals
  5 quokkas
  10 ball pythons
  2 bats (D:1)
  6 frilled lizards
  15 goblins
  20 kobolds
  11 rats
209 creatures vanquished.

Vanquished Creatures (others)
  30 plants
30 creatures vanquished.

Grand Total: 239 creatures vanquished

Notes
Turn   | Place    | Note
-------+----------+-------------------------------------------
     0 | D:1      | bmack86 the Minotaur Fighter began the quest for the Orb.
     0 | D:1      | Reached XP level 1. HP: 19/19 MP: 0/0
   240 | D:1      | Reached XP level 2. HP: 19/27 MP: 1/1
   327 | D:1      | Reached skill level 3 in Axes
   642 | D:1      | Reached XP level 3. HP: 33/33 MP: 2/2
   759 | D:1      | Found a faded altar of an unknown god.
  1078 | D:2      | Reached XP level 4. HP: 40/40 MP: 3/3
  1456 | D:2      | Noticed Robin
  1463 | D:2      | Killed Robin
  1464 | D:2      | Reached skill level 4 in Axes
  1513 | D:2      | Noticed Natasha
  1517 | D:2      | Killed Natasha
  1708 | D:3      | Found a white marble altar of Elyvilon.
  1744 | D:3      | Found a hazy altar of Hepliaklqana.
  1838 | D:3      | Found a glowing golden altar of the Shining One.
  2182 | D:3      | Reached XP level 5. HP: 42/47 MP: 4/4
  2183 | D:3      | Found a basalt altar of Yredelemnul.
  2605 | D:4      | Noticed a phantom
  2616 | D:4      | Killed a phantom
  2617 | D:4      | Reached skill level 5 in Axes
  2617 | D:4      | Reached skill level 1 in Throwing
  2617 | D:4      | Reached XP level 6. HP: 52/55 MP: 5/5
  2722 | D:4      | Reached skill level 5 in Fighting
  2722 | D:4      | Reached skill level 5 in Armour
  2722 | D:4      | Reached skill level 5 in Shields
  2961 | D:4      | Reached XP level 7. HP: 61/61 MP: 6/6
  3048 | D:4      | Reached skill level 6 in Axes
  3521 | D:4      | Found Wuhiojeesche's General Store.
  3529 | D:4      | Bought a scroll of identify for 26 gold pieces
  3529 | D:4      | Bought a +0 pair of boots for 58 gold pieces
  3678 | D:5      | Entered Level 5 of the Dungeon
  3693 | D:5      | Noticed a moth of wrath
  3695 | D:5      | Found a bloodstained altar of Trog.
  3890 | D:5      | Noticed Pikel
  3908 | D:5      | Killed Pikel
  3909 | D:5      | Reached skill level 7 in Axes
  3909 | D:5      | Reached XP level 8. HP: 23/70 MP: 7/7
  4111 | D:5      | Reached skill level 8 in Axes
  4179 | D:5      | Found a shimmering blue altar of Sif Muna.
  4212 | D:5      | Found a staircase to the Ecumenical Temple.
  4228 | Temple   | Entered the Ecumenical Temple
  4260 | Temple   | Became a worshipper of Warmaster Okawaru
  4349 | D:5      | Found a shadowy altar of Dithmenos.
  4458 | D:5      | Noticed Edmund
  4474 | D:5      | Killed Edmund
  5034 | D:6      | Reached XP level 9. HP: 73/76 MP: 8/8
  5063 | D:6      | Found a glowing drain.
  5074 | Sewer    | Entered a sewer
  5333 | Sewer    | Reached skill level 9 in Axes
  5819 | D:6      | Noticed Menkaure
  5830 | D:6      | Killed Menkaure
  5830 | D:6      | Reached * piety under Okawaru
  6020 | D:6      | Found an ornate altar of the Wu Jian Council.
  6234 | D:6      | Found an ancient bone altar of Kikubaaqudgha.
  6341 | D:6      | Reached skill level 1 in Invocations
  6609 | D:7      | Found an opulent altar of Gozag.
  6893 | D:7      | Killed from afar by an acid dragon

Illustrated notes

Levels and vault maps discovered:
D:1:      dpeg_arrival_simpleton_b, layout_basic,
          chequers_ecumenical_altar_grove
D:2:      layout_basic, uniq_robin, uniq_natasha
D:3:      layout_basic, mainiacjoe_overflow_tiny_flanked,
          lemuel_zombie_altar_yredelemnul, worldfamousw_hep_ancestral_shrine,
          mainiacjoe_overflow_six_doors_small
D:4:      corexii_shantytown, layout_loops_ring, serial_shops, shop
D:5:      layout_loops_ring, lemuel_tele_altar, nicolae_overflow_hidden_temple,
          tgw_trog, minmay_temple_entry_ruins, uniq_pikel, uniq_edmund
D:6:      layout_basic, nicolae_wu_jian_immortal_techniques, marbit_many_paths,
          portal_sewer_entry_d, uniq_menkaure
D:7:      layout_loops_corners, grunt_gozag_statues, kennysheep_little_box
Temple:   nicolae_temple_colour_theory

Skill      XL: |  1  2  3  4  5  6  7  8  9 |
---------------+----------------------------+-----
Axes           | 3 4 5 7 8 9 |  9.7
Armour         | 4 5 6 7 |  7.4
Shields        | 4 5 6 7 |  7.4
Fighting       | 4 5 6 7 |  7.4
Throwing       | 1 3 4 |  4.8
Invocations    | 1 |  1.4

Action                   |  1- 3 |  4- 6 |  7- 9 || total
-------------------------+-------+-------+-------++-------
Melee: War axe           |    81 |   106 |   318 ||   505
       Headbutt          |     9 |    16 |    59 ||    84
  Use: Scroll            |       |     5 |    10 ||    15
Armor: Scale mail        |    50 |    20 |       ||    70
       Chain mail        |       |    16 |       ||    16
       Plate armour      |       |    19 |   130 ||   149
Dodge: Dodged            |    43 |    56 |   169 ||   268
Block: Buckler           |    29 |    34 |    95 ||   158

Table legend: (Time is in decaauts)
 A = Elapsed time spent in this place.
 B = Non-inter-level travel time spent in this place.
 C = Inter-level travel time spent in this place.
 D = Time resting spent in this place.
 E = Time spent auto-exploring this place.
 F = Levels seen in this place.
 G = Mean time per level.
                   A        B        C        D        E       F      G
               +--------+--------+--------+--------+--------+-----+--------+
         Total |   7158 |   6987 |    171 |    700 |   3620 |   9 |  795.3 |
       Dungeon |   6220 |   6049 |    171 |    700 |   3042 |   7 |  888.6 |
        Temple |    102 |    102 |      0 |      0 |     22 |   1 |  102.0 |
         Sewer |    835 |    835 |      0 |      0 |    556 |   1 |  835.0 |
               +--------+--------+--------+--------+--------+-----+--------+

Top non-repeatable levels by time:
     D:5: 1230 daAuts
     D:4: 1160 daAuts
     D:1: 902 daAuts
     D:6: 894 daAuts
     D:3: 868 daAuts
   Sewer: 835 daAuts
     D:2: 823 daAuts
     D:7: 341 daAuts
  Temple: 102 daAuts
